Map: Golden Wall LE

Players

Reynor

  • Race: Zerg Zerg
  • Spawn Location: 7:00

PartinG - Winner!

  • Race: Protoss Protoss
  • League: Grandmaster
  • Spawn Location: 5:00

Event: Shopify TSL 5

VOD

Have the link to the VOD?

Description

Time

  • Played on: May 23, 2020, 10:06 a.m.
  • Length: 9:18

All games in this series

Show
View Real Time Build Order
Export as new Build Order

Reynor Zerg 

Build Orders: Hatch First 

Get SALT Encoding   

  12  0:00  Drone  
  13  0:12  Overlord  
  13  0:18  Drone  
  14  0:31  Drone x2  
  16  0:48  Hatchery  
  15  0:52  Drone  
  15  0:56  Drone  
  17  0:59  Drone  
  18  1:09  Extractor  
  17  1:16  Spawning Pool  
  16  1:22  Drone  
  16  1:24  Drone  
  18  1:28  Drone  
  19  1:38  Overlord  
  19  2:00  Drone  
  19  2:01  Drone x2  
  22  2:03  Queen  
  24  2:10  Queen  
  24  2:13  Zergling x2  
  27  2:18  Zergling x2  
  27  2:21  Drone  
  29  2:23  Drone  
  29  2:28  Metabolic Boost  
  30  2:32  Drone  
  30  2:34  Drone  
  32  2:50  Hatchery  
  31  2:52  Drone  
  31  2:53  Drone  
  33  2:58  Overlord  
  33  3:00  Drone  
  33  3:05  Drone x2  
  36  3:17  Overlord  
  36  3:19  Zergling x2  
  38  3:20  Zergling x2  
  38  3:21  Drone x2  
  38  3:26  Zergling x2  
  41  3:29  Drone  
  41  3:30  Queen  
  44  3:37  Drone, Overlord  
  45  3:47  Drone  
  46  3:49  Drone, Spore Crawler  
  46  3:54  Queen  
  48  3:58  Drone  
  48  3:59  Drone  
  48  4:00  Zergling x4  
  48  4:01  Overlord  
  48  4:02  Drone  
  52  4:12  Drone x2  
  52  4:13  Queen  
  52  4:15  Roach Warren  
  52  4:16  Zergling x2  
  54  4:20  Drone  
  54  4:21  Spore Crawler  
  55  4:25  Spore Crawler  
  55  4:29  Zergling x6  
  55  4:31  Overlord  
  57  4:34  Drone, Lair  
  58  4:39  Evolution Chamber, Drone x2  
  58  4:41  Drone  
  58  4:42  Drone  
  61  4:48  Zergling x4  
  61  4:52  Zergling x6  
  65  4:57  Drone x3  
  64  5:00  Drone  
  64  5:03  Drone  
  64  5:04  Drone  
  64  5:06  Drone  
  68  5:08  Drone  
  68  5:12  Extractor  
  68  5:13  Drone x2  
  70  5:14  Drone  
  70  5:18  Roach Warren  
  70  5:20  Extractor x2, Drone x2  
  70  5:21  Drone  
  71  5:25  Queen  
  73  5:29  Drone  
  73  5:30  Overlord  
  73  5:38  Spire  
  73  5:40  Drone  
  73  5:42  Overlord  
  73  5:48  Overlord  
  73  5:49  Drone x5  
  79  5:50  Drone x2  
  78  5:59  Drone x3  
  78  6:01  Zerg Melee Weapons Level 1  
  78  6:04  Roach x3  
  87  6:06  Drone  
  87  6:08  Queen  
  90  6:12  Extractor x2  
  90  6:14  Overseer  
  90  6:16  Overlord  
  90  6:17  Drone  
  89  6:24  Roach x3  
  95  6:30  Drone  
  95  6:31  Drone x2  
  98  6:35  Baneling Nest  
  98  6:38  Overlord  
  97  6:48  Drone x2  
  97  6:49  Overlord  
  97  6:50  Mutalisk x3  
  97  6:52  Drone  
  106  6:54  Overlord  
  106  7:02  Overlord  
  112  7:09  Drone  
  112  7:12  Overlord  
  113  7:15  Glial Reconstitution  
  113  7:17  Roach x3  
  113  7:18  Roach x3  
  113  7:19  Hatchery  
  113  7:22  Roach x2  
  128  7:23  Zergling x2  
  128  7:27  Ravager x2  
  128  7:28  Baneling, Ravager  
  128  7:29  Baneling x5  
  125  7:30  Roach, Zergling x8  
  125  7:35  Baneling x6  
  125  7:36  Roach, Zergling x6  
  136  7:39  Overlord  
  136  7:40  Ravager  
  136  7:42  Zergling x6  
  140  7:45  Roach  
  140  7:48  Baneling x4  
  140  7:50  Zergling x4  
  144  7:52  Zergling x2  
  144  7:54  Queen  
  144  7:55  Overlord  
  142  8:04  Zergling x14  
  134  8:08  Roach, Zergling x4  
  134  8:12  Ravager x4  
  137  8:14  Zergling x6  
  137  8:15  Zergling x2  
  137  8:18  Ravager x2  
  132  8:25  Roach, Zergling x2  
  129  8:27  Zergling x2  
  129  8:30  Baneling x4  
  129  8:33  Queen  
  122  8:35  Roach, Zergling x4  
  122  8:37  Zergling x2  
  122  8:40  Ravager  
  122  8:41  Queen x2  
  123  8:43  Zergling x2  
  123  8:44  Zergling x2  
  123  8:47  Roach  
  119  8:50  Roach  
  119  8:51  Ravager  
  119  8:52  Ravager  
  123  8:57  Zergling x6  
Show
View Real Time Build Order
Export as new Build Order

PartinG Protoss - Winner!

Build Orders: 1 Gate Expand, Zealot Archon, Archon Drop, Dark Templar Rush 

Get SALT Encoding   

  12  0:00  Probe  
  13  0:12  Probe  
  14  0:19  Pylon  
  14  0:25  Probe  
  15  0:37  Probe (Chrono Boost)  
  15  0:38  Gateway  
  16  0:46  Probe (Chrono Boost)  
  16  0:48  Assimilator  
  17  0:51  Probe (Chrono Boost)  
  18  1:03  Probe  
  19  1:15  Probe  
  20  1:29  Nexus  
  20  1:34  Cybernetics Core  
  20  1:37  Probe  
  21  1:45  Assimilator  
  21  1:49  Probe  
  21  1:53  Pylon  
  23  2:01  Probe  
  23  2:08  Adept (Chrono Boost)  
  23  2:10  Warp Gate  
  23  2:13  Probe (Chrono Boost)  
  27  2:23  Probe (Chrono Boost)  
  27  2:28  Probe (Chrono Boost)  
  27  2:31  Stalker  
  27  2:35  Twilight Council  
  30  2:42  Probe (Chrono Boost)  
  32  2:44  Probe (Chrono Boost)  
  33  2:51  Probe (Chrono Boost)  
  33  2:54  Probe (Chrono Boost)  
  33  2:55  Robotics Facility  
  33  2:56  Probe  
  34  3:04  Probe  
  36  3:08  Gateway  
  36  3:10  Probe  
  37  3:18  Dark Shrine  
  37  3:19  Probe  
  38  3:22  Probe  
  39  3:28  Gateway  
  41  3:39  Warp Prism (Chrono Boost)  
  41  3:40  Gateway  
  41  3:45  Probe  
  41  3:47  Probe  
  43  3:50  Pylon  
  43  3:54  Assimilator  
  43  3:55  Assimilator  
  43  4:00  Probe  
  45  4:06  Adept  
  46  4:15  Pylon  
  44  4:17  Stalker  
  44  4:19  Probe x2 (Chrono Boost)  
  48  4:27  Pylon  
  50  4:31  Probe x2 (Chrono Boost)  
  50  4:39  Probe x2 (Chrono Boost)  
  50  4:41  Dark Templar x3  
  50  4:44  Dark Templar  
  60  4:56  Archon x2  
  60  4:57  Blink  
  60  4:58  Probe x2  
  62  5:05  Observer  
  63  5:09  Forge  
  63  5:12  Pylon x2  
  63  5:18  Nexus  
  63  5:22  Probe x2  
  63  5:25  Sentry x2  
  69  5:29  Protoss Ground Weapons Level 1 (Chrono Boost)  
  69  5:33  Shield Battery  
  69  5:35  Probe x2  
  71  5:43  Immortal  
  71  5:48  Probe x2  
  77  6:02  Sentry x2, Probe  
  77  6:03  Probe  
  83  6:07  Observer  
  83  6:17  Gateway  
  83  6:18  Gateway  
  83  6:20  Sentry  
  83  6:21  Gateway  
  83  6:22  Gateway  
  85  6:29  Probe  
  85  6:30  Probe  
  87  6:33  Immortal (Chrono Boost), Photon Cannon, Assimilator  
  87  6:34  Probe  
  92  6:40  Sentry x2  
  92  6:45  Probe x2, Photon Cannon  
  98  6:47  Probe  
  98  6:52  Sentry  
  101  6:57  Pylon  
  101  6:58  Pylon  
  101  6:59  Pylon  
  101  7:01  Pylon  
  101  7:06  Pylon  
  101  7:16  Stalker x6  
  101  7:17  Stalker  
  101  7:21  Stalker  
  101  7:22  Probe  
  118  7:23  Probe  
  118  7:28  Probe  
  118  7:29  Pylon x2  
  120  7:41  Stalker x4  
  120  7:42  Stalker  
  126  7:53  Stalker x2  
  126  7:55  Stalker  
  127  8:08  Stalker x2  
  127  8:09  Stalker  
  127  8:15  Stalker x2  
  131  8:23  Stalker  
  129  8:28  Stalker x2  
  125  8:38  Stalker x2  
  125  8:39  Probe  
  125  8:40  Probe  
  125  8:50  Stalker x3  
  125  8:52  Probe  
  130  8:58  Stalker x2  
  132  9:08  Nexus  
  132  9:09  Pylon, Stalker x3  
  132  9:14  Stalker  
Tags
 
Add a new tag
Caveats
  • Supply blocks, unpowered buildings, or Contaminate may cause inaccurate times.
  • Supply counts are checked every 10 seconds.